 Dungeon Crawl Stone Soup version 0.26-a0-1181-gd376ed14c5 (webtiles) character file.

Game seed: 15420103805396766071

3194 HoaS the Grappler (level 9, -4/72 HPs)
             Began as a Ghoul Gladiator on Dec 25, 2020.
             Was a Believer of Makhleb.
             Killed from afar by an electric eel (13 damage)
             ... with a bolt of electricity
             ... on level 9 of the Dungeon.
             The game lasted 00:16:29 (6640 turns).

HoaS the Grappler (Ghoul Gladiator)                 Turns: 6640, Time: 00:16:29

Health: -4/72      AC: 12    Str: 21    XL:     9   Next: 96%
Magic:  0/8        EV: 14    Int:  3    God:    Makhleb [**....]
Gold:   578        SH:  0    Dex: 16    Spells: 8/8 levels left

rFire    . . .     SeeInvis +     - Unarmed
rCold    + + .     Faith    .   (no shield)
rNeg     + + +     Spirit   +   p - +3 leather armour
rPois    ∞         Reflect  .   o - +1 helmet
rElec    .         Harm     .   m - +1 cloak
rCorr    .         Rampage  .   (no gloves)
Will     ++...                  z - +1 pair of boots
Stlth    +.........             u - amulet of guardian spirit
HPRegen  0.00/turn              y - ring "Detesel" {rC+ Will++ SInv}
MPRegen  0.11/turn              A - +6 ring of dexterity

@: no status effects
A: claws 1, cold resistance 1, negative energy resistance 3, inhibited
regeneration, torment resistance, unbreathing
a: Renounce Religion, Minor Destruction


You were on level 9 of the Dungeon.
You worshipped Makhleb.
Makhleb was pleased with you.
You visited 2 branches of the dungeon, and saw 10 of its levels.

You collected 578 gold pieces.

Inventory:

Missiles
 c - 5 throwing nets (quivered)
 v - 11 boomerangs
 x - 30 poisoned darts
Armour
 m - a +1 cloak (worn)
 o - a +1 helmet (worn)
 p - a +3 leather armour (worn)
 s - a +0 plate armour
 z - a +1 pair of boots (worn)
Jewellery
 l - an uncursed ring of resist corrosion
 u - an amulet of guardian spirit (around neck)
 y - the ring "Detesel" (left claw) {rC+ Will++ SInv}
   (You acquired it on level 8 of the Dungeon)

   [ring of protection from cold]

   It protects you from cold.
   It affects your willpower, your defense against some magical effects.
   It lets you see invisible.
 A - a +6 ring of dexterity (right claw)
Wands
 f - a wand of random effects (9)
 g - a wand of disintegration (28)
 r - a wand of flame (23)
Scrolls
 a - 2 scrolls of fog
 b - 3 scrolls of teleportation
 i - a scroll of identify
 k - 5 scrolls of remove curse
Potions
 d - a potion of ambrosia
 e - a potion of cancellation
 h - 4 potions of haste
 j - a potion of curing
 n - a potion of flight
 w - a potion of resistance {unknown}


   Skills:
 + Level 4.5 Fighting
 - Level 1.7 Throwing
 + Level 3.1 Armour
 + Level 4.3 Dodging
 * Level 13.0 Unarmed Combat


You had 8 spell levels left.
You didn't know any spells.
Your spell library contained the following spells:

 Spells                   Type           Power        Failure   Level
 Apportation              Tloc           0%           56%         1
 Shock                    Conj/Air       0%           56%         1
 Swiftness                Air            0%           71%         2
 Lesser Beckoning         Tloc           0%           91%         3
 Static Discharge         Conj/Air       0%           91%         3
 Tukima's Dance           Hex            0%           91%         3
 Airstrike                Air            0%           100%        4
 Alistair's Intoxication  Tmut/Pois      0%           100%        5
 Lightning Bolt           Conj/Air       0%           100%        5
 Invisibility             Hex            0%           100%        6


Dungeon Overview and Level Annotations

Branches:
Dungeon (9/15)             Temple (1/1) D:4            Lair (0/6) D:8
    Orc: D:9-12

Altars:
Ashenzari
Cheibriados
Dithmenos
Elyvilon
Fedhas
Gozag
Hepliaklqana
Kikubaaqudgha
Makhleb
Nemelex Xobeh
Okawaru
Qazlal
Ru
Sif Muna
Trog
Uskayaw
Vehumet
Wu Jian
Xom
Yredelemnul
Zin
The Shining One


Innate Abilities, Weirdness & Mutations

You thrive by killing the living.
You are immune to poison.
You have sharp fingernails.
Your flesh is cold resistant. (rC+)
You are immune to negative energy. (rN+++)
You do not regenerate when monsters are visible.
You are immune to unholy pain and torment.
You can survive without breathing.


Message History

Your Unarmed Combat skill increases to level 13!
You closely miss the electric eel.
The electric eel shoots out a bolt of lightning at you!
The bolt of electricity hits you.
* * * LOW HITPOINT WARNING * * *
The electric eel shoots out a bolt of lightning at you!
The bolt of electricity misses you.
You feel much better.
The leopard gecko hisses menacingly.
The leopard gecko closely misses you.
The electric eel shoots out a bolt of lightning at you!
The bolt of electricity hits you!
* * * LOW HITPOINT WARNING * * *
As you read the scroll of fog, it crumbles to dust.
The scroll dissolves into smoke.
You hear the faint creaking of a very distant portcullis.
The leopard gecko closely misses you.
The electric eel shoots out a bolt of lightning at you!
The bolt of electricity hits you!
You die...

......................
.......................
.......................
...................... .
≈≈z≈.................
..≈###≈§§§..............
..≈≈≈≈;l§...............
#≈;@§§..............
#≈§§§....###........
#≈≈§.§...###........
≈≈≈≈≈.........>.......
.≈###≈.................
.. ≈≈≈.................
# .....................
#...###########...###
#...#


You could see 2 electric eels, a wight and a leopard gecko.

Vanquished Creatures
  A troll (D:9)
  A yak (D:8)
  2 orc warriors
  A black bear (D:8)
  A phantom (D:7)
  A necrophage (D:6)
  2 ogres
  A big kobold (D:6)
  3 gnoll sergeants (D:6)
  5 bullfrogs
  2 scorpions
  3 wights (D:6)
  5 killer bees (D:7)
  A howler monkey (D:6)
  5 jellies
  4 hounds (D:6)
  A bullfrog skeleton (D:4)
  5 orc priests
  2 gnoll shamans (D:6)
  7 orc wizards
  4 worker ants
  A killer bee zombie (D:8)
  A hound zombie (D:6)
  A hound skeleton (D:4)
  A worker ant zombie (D:7)
  Robin (D:3)
  9 gnolls (D:6)
  7 adders
  A shadow imp (D:6)
  5 white imps
  An ooze (D:3)
  An adder skeleton (D:5)
  A worm (D:4)
  A leopard gecko (D:4)
  17 orcs
  5 ball pythons
  8 bats
  3 giant cockroaches
  15 goblins
  15 hobgoblins
  16 jackals
  13 kobolds
  2 quokkas (D:2)
  4 frilled lizards
  A jackal zombie (D:7)
  A leopard gecko skeleton (D:4)
  8 rats
196 creatures vanquished.

Vanquished Creatures (others)
  8 fungi (D:8)
  9 plants (D:8)
17 creatures vanquished.

Grand Total: 213 creatures vanquished

Notes
Turn   | Place    | Note
-------+----------+-------------------------------------------
     0 | D:1      | HoaS the Ghoul Gladiator began the quest for the Orb.
     0 | D:1      | Reached XP level 1. HP: 17/17 MP: 0/0
   103 | D:1      | Reached XP level 2. HP: 15/24 MP: 1/1
   115 | D:1      | Reached skill level 4 in Unarmed Combat
   508 | D:2      | Reached XP level 3. HP: 25/29 MP: 2/2
   729 | D:2      | Reached skill level 5 in Unarmed Combat
   758 | D:2      | Reached XP level 4. HP: 27/36 MP: 3/3
   924 | D:2      | Noticed an ogre
  1855 | D:3      | Found a faded altar of an unknown god.
  1934 | D:3      | Noticed Robin
  1952 | D:3      | Killed Robin
  1965 | D:3      | Reached skill level 6 in Unarmed Combat
  2236 | D:4      | Reached XP level 5. HP: 37/41 MP: 4/4
  2303 | D:4      | Noticed an ogre
  2312 | D:4      | Killed an ogre
  2313 | D:4      | Reached skill level 7 in Unarmed Combat
  2465 | D:4      | Reached XP level 6. HP: 37/48 MP: 5/5
  2556 | D:4      | Found a staircase to the Ecumenical Temple.
  2597 | Temple   | Entered the Ecumenical Temple
  2806 | Temple   | Became a worshipper of Makhleb the Destroyer
  2983 | D:4      | You fall into a shaft and drop 1 floor!
  2983 | D:5      | Entered Level 5 of the Dungeon
  3222 | D:5      | Reached skill level 8 in Unarmed Combat
  3373 | D:5      | Reached XP level 7. HP: 55/55 MP: 6/6
  3976 | D:6      | Reached skill level 9 in Unarmed Combat
  4072 | D:6      | Found a shadowy altar of Dithmenos.
  4151 | D:6      | Reached * piety under Makhleb
  4286 | D:6      | Reached skill level 10 in Unarmed Combat
  4286 | D:6      | Reached XP level 8. HP: 60/61 MP: 7/7
  4458 | D:6      | Reached skill level 11 in Unarmed Combat
  4689 | D:6      | Reached ** piety under Makhleb
  4760 | D:6      | Reached skill level 12 in Unarmed Combat
  5147 | D:7      | Reached XP level 9. HP: 68/68 MP: 8/8
  5162 | D:7      | Reached skill level 1 in Armour
  5679 | D:7      | Found a hazy altar of Hepliaklqana.
  5926 | D:8      | Identified a scroll of acquirement
  5926 | D:8      | Acquired the ring "Detesel" {rC+ Will++ SInv}
  6395 | D:8      | Found a staircase to the Lair.
  6626 | D:9      | Noticed a troll
  6637 | D:9      | Killed a troll
  6638 | D:9      | Reached skill level 13 in Unarmed Combat
  6638 | D:9      | HP: 2/72 [electric eel/bolt of electricity (6)]
  6640 | D:9      | Killed from afar by an electric eel

Illustrated notes

Levels and vault maps discovered:
D:1:      ebering_trefoil_twist, layout_rooms
D:2:      cheibrodos_helix_gallery, layout_basic, lightli_corner_chamber
D:3:      layout_loops_corners, chequers_ecumenical_altar_simple, uniq_robin
D:4:      layout_loops_ring, minmay_temple_entry_wispy
D:5:      layout_basic, grunt_ministairs_2
D:6:      kennysheep_housing_project, layout_basic,
          nicolae_dithmenos_through_a_glass_darkly
D:7:      layout_cave_pools, lemuel_doored_altar
D:8:      layout_rooms, grunt_lair_entry_orc_guard_hut
D:9:      layout_small_grid, enter_bailey_6, minmay_crystal_water
Temple:   minmay_crystal_snake_temple

Skill      XL: |  1  2  3  4  5  6  7  8  9 |
---------------+----------------------------+-----
Unarmed Combat | 4 5 6 7 8 10 12 13 | 13.0
Armour         | 3 |  3.1
Dodging        | 4 |  4.3
Fighting       | 4 |  4.5
Throwing       | |  1.7

Action                   |  1- 3 |  4- 6 |  7- 9 || total
-------------------------+-------+-------+-------++-------
Melee: Unarmed           |    99 |   187 |   333 ||   619
       Punch             |     1 |     6 |    16 ||    23
Evoke: Wand              |       |     1 |       ||     1
  Use: Scroll            |     4 |     8 |    12 ||    24
       Potion            |       |       |     4 ||     4
 Stab: Paralysed         |       |     3 |       ||     3
Armor: Ring mail         |    26 |    17 |       ||    43
       Leather armour    |    10 |    38 |   135 ||   183
       Scale mail        |       |    14 |       ||    14
Dodge: Dodged            |    70 |   100 |   243 ||   413

Table legend: (Time is in decaauts)
 A = Elapsed time spent in this place.
 B = Non-inter-level travel time spent in this place.
 C = Inter-level travel time spent in this place.
 D = Time resting spent in this place.
 E = Time spent auto-exploring this place.
 F = Levels seen in this place.
 G = Mean time per level.
                   A        B        C        D        E       F      G
               +--------+--------+--------+--------+--------+-----+--------+
         Total |   6539 |   5966 |    573 |    117 |   4312 |  10 |  653.9 |
       Dungeon |   6318 |   5784 |    534 |    117 |   4146 |   9 |  702.0 |
        Temple |    221 |    182 |     39 |      0 |    166 |   1 |  221.0 |
               +--------+--------+--------+--------+--------+-----+--------+

Top non-repeatable levels by time:
     D:6: 1305 daAuts
     D:3: 901 daAuts
     D:2: 858 daAuts
     D:5: 834 daAuts
     D:4: 704 daAuts
     D:7: 641 daAuts
     D:8: 531 daAuts
     D:1: 439 daAuts
  Temple: 221 daAuts
     D:9: 100 daAuts
